 Dungeon Crawl Stone Soup version 0.30-a0-364-gf6b3ef1049 (webtiles) character file.

Game seed: 18089754073130487793

154 billz999 the Skirmisher (level 5, -7/43 HPs)
             Began as a Gnoll Hunter on Nov 14, 2022.
             Killed by divine providence
             ... invoked by an orc priest
              (16 damage)
             ... on level 3 of the Dungeon.
             The game lasted 00:02:46 (1581 turns).

billz999 the Skirmisher (Gnoll Hunter)              Turns: 1581, Time: 00:02:47

Health: -7/43      AC:  9    Str: 12    XL:     5   Next: 36%
Magic:  7/7        EV: 13    Int:  8    God:
Gold:   121        SH:  0    Dex: 16    Spells: 7/7 levels left

rFire   . . .      SeeInvis .    a - +0 shortbow
rCold   . . .      Faith    .    (shield currently unavailable)
rNeg    . . .      Spirit   .    k - +3 leather armour
rPois   .          Reflect  .    t - +1 helmet
rElec   .          Harm     .    (no cloak)
rCorr   .          Rampage  .    l - +0 pair of gloves
Will    .....                    (no boots)
Stlth   ++........               (no amulet)
HPRegen 0.27/turn                (no ring)
MPRegen 0.10/turn                (no ring)

@: flying
A: fangs 1, strong nose, distributed training
a: no special abilities


You were on level 3 of the Dungeon.
You visited 1 branch of the dungeon, and saw 3 of its levels.

You collected 121 gold pieces.

Inventory:

Hand Weapons
 a - a +0 shortbow (weapon)
Missiles
 m - a throwing net
 x - 4 poisoned darts
Armour
 k - a +3 leather armour (worn)
 l - a +0 pair of gloves (worn)
 t - a +1 helmet (worn)
 v - an orb of light
Scrolls
 b - a scroll of immolation
 d - a scroll of fear {unknown}
 e - 2 scrolls of amnesia {unknown}
 g - 4 scrolls of identify {unknown}
 h - a scroll of fog {unknown}
 i - a scroll of torment {unknown}
 j - a scroll of enchant weapon {unknown}
 p - a scroll of vulnerability {unknown}
 s - a scroll of teleportation {unknown}
 u - a scroll of brand weapon {unknown}
 w - a scroll of enchant armour {unknown}
Potions
 c - 2 potions of magic {unknown}
 f - a potion of flight
 n - a potion of curing
 o - a potion of heal wounds {unknown}
 q - a potion of berserk rage {unknown}
 r - a potion of invisibility {unknown}


   Skills:
 + Level 4.8 Fighting
 + Level 1.5 Short Blades
 + Level 1.5 Long Blades
 + Level 1.5 Axes
 + Level 1.5 Maces & Flails
 + Level 1.5 Polearms
 + Level 1.5 Staves
 + Level 8.6 Ranged Weapons
 + Level 1.5 Throwing
 + Level 1.5 Armour
 + Level 4.8 Dodging
 + Level 2.8 Stealth
 + Level 1.5 Shields
 + Level 1.5 Unarmed Combat
 + Level 1.5 Spellcasting
 + Level 1.2 Conjurations
 + Level 1.2 Hexes
 + Level 1.2 Summonings
 + Level 1.2 Necromancy
 + Level 1.2 Translocations
 + Level 1.2 Transmutations
 + Level 1.2 Fire Magic
 + Level 1.2 Ice Magic
 + Level 1.2 Air Magic
 + Level 1.2 Earth Magic
 + Level 1.2 Poison Magic
 + Level 1.7 Invocations
 + Level 1.5 Evocations


You had 7 spell levels left.
You didn't know any spells.
Your spell library contained the following spells:

 Spells                   Type           Power      Damage    Failure   Level
 Sting                    Tmut/Pois      8%         1d3       28%         1
 Poisonous Vapours        Pois/Air       4%         N/A       41%         2
 Olgreb's Toxic Radiance  Pois           2%         N/A       96%         4


Dungeon Overview and Level Annotations

Branches:
Dungeon (3/15)

Altars:
Xom
The Shining One


Innate Abilities, Weirdness & Mutations

You have very sharp teeth.
Your uncanny sense of smell can sniff out nearby items.
Your experience applies equally to all skills.


Message History

The orc priest completely misses you.
You shoot an arrow. The arrow hits the orc priest.
The orc priest is moderately wounded.
The orc priest calls down the wrath of Beogh upon you.
Beogh smites you!
You shoot an arrow. The arrow hits the orc priest.
The orc priest is moderately wounded.
The orc priest calls upon Beogh to heal the orc priest.
The orc priest's wounds heal themselves!
It was a potion of curing.
You feel better.
The orc priest casts a cantrip, but nothing happens.
You shoot an arrow. The arrow hits the orc priest.
The orc priest is moderately wounded.
The orc priest hits you with a +0 mace.
The orc priest mumbles some strange prayers to Beogh against you.
Pain shoots through your body!
You shoot an arrow. The arrow hits the orc priest.
The orc priest is severely wounded.
The orc priest barely misses you.
The orc priest hits you but does no damage.
The orc priest hits you with a +0 whip.
* * * LOW HITPOINT WARNING * * *
You feel better. The orc priest completely misses you.
The orc priest hits you with a +0 whip.
You shoot an arrow. The arrow hits the orc priest.
The orc priest is almost dead.
The orc priest looks braver for a moment.
The orc priest calls down the wrath of Beogh upon you.
Pain shoots through your body!
* * * LOW HITPOINT WARNING * * *
You shoot an arrow.
The arrow hits the orc priest but does no damage.
The orc priest is almost dead.
The orc priest barely misses you. The orc priest closely misses you.
It was a potion of flight.
You feel very buoyant.
You fly up into the air.
The orc priest mumbles some strange prayers to Beogh against you.
Beogh smites you!
You die...

#####.#...<..# ._
#.#
.............# ..
#.#
#####.#.#....# #)
#.# #.#.#....# #.
#### ##...#....#
#o##.#
#..#.#....#
#o...#
####.##.######
###.## #....##[##
###o.#
..#####..##
#.@o## ### ##..#
#.### # ##.# #.#
#.# #.# #.# #.# #
#.## #.# ## #..##
#.# .# ##..###.#
.##########..##.#


You could see 2 orc priests.

Vanquished Creatures
  8 gnolls
  2 adders
  2 dart slugs
  An orc (D:3)
  5 endoplasms
  2 giant cockroaches
  3 goblins
  3 hobgoblins
  5 jackals
  4 kobolds
  2 quokkas (D:2)
  5 ball pythons
  3 bats
  6 frilled lizards
  5 rats
56 creatures vanquished.

Vanquished Creatures (others)
  3 plants (D:1)
3 creatures vanquished.

Grand Total: 59 creatures vanquished

Notes
Turn   | Place    | Note
-------+----------+-------------------------------------------
     0 | D:1      | billz999 the Gnoll Hunter began the quest for the Orb.
     0 | D:1      | Reached XP level 1. HP: 20/20 MP: 1/1
   172 | D:1      | Reached XP level 2. HP: 26/26 MP: 2/2
   266 | D:1      | Reached XP level 3. HP: 31/31 MP: 3/3
   615 | D:2      | Reached skill level 1 in Invocations
   722 | D:2      | Reached skill level 1 in Short Blades
   722 | D:2      | Reached skill level 1 in Long Blades
   722 | D:2      | Reached skill level 1 in Axes
   722 | D:2      | Reached skill level 1 in Maces & Flails
   722 | D:2      | Reached skill level 1 in Polearms
   722 | D:2      | Reached skill level 1 in Staves
   722 | D:2      | Reached skill level 1 in Throwing
   722 | D:2      | Reached skill level 1 in Armour
   722 | D:2      | Reached skill level 1 in Shields
   722 | D:2      | Reached skill level 1 in Unarmed Combat
   722 | D:2      | Reached skill level 1 in Spellcasting
   722 | D:2      | Reached skill level 1 in Evocations
   994 | D:3      | Reached XP level 4. HP: 38/38 MP: 5/5
  1023 | D:3      | Reached skill level 1 in Conjurations
  1023 | D:3      | Reached skill level 1 in Hexes
  1023 | D:3      | Reached skill level 1 in Summonings
  1023 | D:3      | Reached skill level 1 in Necromancy
  1023 | D:3      | Reached skill level 1 in Translocations
  1023 | D:3      | Reached skill level 1 in Transmutations
  1023 | D:3      | Reached skill level 1 in Fire Magic
  1023 | D:3      | Reached skill level 1 in Ice Magic
  1023 | D:3      | Reached skill level 1 in Air Magic
  1023 | D:3      | Reached skill level 1 in Earth Magic
  1023 | D:3      | Reached skill level 1 in Poison Magic
  1127 | D:3      | Reached XP level 5. HP: 26/43 MP: 5/7
  1374 | D:3      | Found a glowing golden altar of the Shining One.
  1560 | D:3      | Found a shimmering altar of Xom.
  1581 | D:3      | Killed from afar by an orc priest

Illustrated notes

Levels and vault maps discovered:
D:1:      lordsloth_arrival_two_stooges, layout_loops_ring,
          nicolae_grassy_gnolls
D:2:      layout_rooms
D:3:      layout_rooms, mainiacjoe_overflow_alcove_2, tso_oasis_becter

Skill      XL: |  1  2  3  4 |
---------------+-------------+-----
Invocations    | 1 |  1.7
Short Blades   | 1 |  1.5
Long Blades    | 1 |  1.5
Axes           | 1 |  1.5
Maces & Flails | 1 |  1.5
Polearms       | 1 |  1.5
Staves         | 1 |  1.5
Throwing       | 1 |  1.5
Armour         | 1 |  1.5
Shields        | 1 |  1.5
Unarmed Combat | 1 |  1.5
Spellcasting   | 1 |  1.5
Evocations     | 1 |  1.5
Conjurations   | 1 |  1.2
Hexes          | 1 |  1.2
Summonings     | 1 |  1.2
Necromancy     | 1 |  1.2
Translocations | 1 |  1.2
Transmutations | 1 |  1.2
Fire Magic     | 1 |  1.2
Ice Magic      | 1 |  1.2
Air Magic      | 1 |  1.2
Earth Magic    | 1 |  1.2
Poison Magic   | 1 |  1.2
Fighting       | |  4.8
Ranged Weapons | |  8.6
Dodging        | |  4.8
Stealth        | |  2.8

Action                   |  1- 3 |  4- 6 || total
-------------------------+-------+-------++-------
 Fire: Shortbow          |    76 |    77 ||   153
  Use: Potion            |       |     3 ||     3
Armor: Leather armour    |     5 |    19 ||    24
Dodge: Dodged            |    14 |    40 ||    54

Table legend: (Time is in decaauts)
 A = Elapsed time spent in this place.
 B = Non-inter-level travel time spent in this place.
 C = Inter-level travel time spent in this place.
 D = Time resting spent in this place.
 E = Time spent auto-exploring this place.
 F = Levels seen in this place.
 G = Mean time per level.
                   A        B        C        D        E       F      G
               +--------+--------+--------+--------+--------+-----+--------+
         Total |   1599 |   1530 |     69 |     64 |   1143 |   3 |  533.0 |
       Dungeon |   1599 |   1530 |     69 |     64 |   1143 |   3 |  533.0 |
               +--------+--------+--------+--------+--------+-----+--------+

Top non-repeatable levels by time:
     D:3: 642 daAuts
     D:1: 617 daAuts
     D:2: 339 daAuts
